 Dungeon Crawl Stone Soup version 0.20-a0-435-gf4ea4dd (webtiles) character file.

74 recordrepeat the Chopper (level 4, -3/40 HPs)
             Began as a Hill Orc Fighter on Jan 6, 2017.
             Slain by Grinder (6 damage)
             ... on level 3 of the Dungeon.
             The game lasted 00:06:10 (1850 turns).

recordrepeat the Chopper (Hill Orc Fighter)         Turns: 1850, Time: 00:06:12

Health: -3/40      AC:  9    Str: 18    XL:     4   Next: 30%
Magic:  4/4        EV:  5    Int:  8    God:
Gold:   37         SH:  9    Dex: 11    Spells: 3/3 levels left

rFire  . . .     SeeInvis .     a - +0 war axe
rCold  . . .     Gourm    .     i - +0 chain mail
rNeg   . . .     Faith    .     c - +0 shield
rPois  .         Spirit   .     (no helmet)
rElec  .         Reflect  .     (no cloak)
rCorr  .         Harm     .     (no gloves)
MR     .....                    (no boots)
Stlth  ..........               (no amulet)
                                (no ring)
                                (no ring)

@: no status effects
A: no striking features
a: no special abilities


You were on level 3 of the Dungeon.
You were hungry.

You visited 1 branch of the dungeon, and saw 3 of its levels.

You collected 37 gold pieces.

Inventory:

Hand Weapons
 a - a +0 war axe (weapon)
Armour
 b - a +0 scale mail
 c - a +0 shield (worn)
 i - a +0 chain mail (worn)
Jewellery
 m - an uncursed amulet of inaccuracy
Wands
 n - a wand of lightning (11/15)
Scrolls
 l - a scroll of teleportation
 q - a scroll of identify
Potions
 d - 2 potions of might
 e - a potion of flight
 h - a potion of curing
 j - a potion of agility {unknown}
Books
 p - a book of Maledictions

   Spells                             Type                      Level
   a - Corona                         Hexes                        1
   b - Ensorcelled Hibernation        Hexes/Ice                    2
   c - Confuse                        Hexes                        3
   d - Tukima's Dance                 Hexes                        3
   e - Dazzling Spray                 Conjuration/Hexes            3
Comestibles
 f - 3 bread rations
 g - a chunk of flesh
 k - a slice of pizza
 o - a meat ration


   Skills:
 + Level 4.1 Fighting
 + Level 4.2 Axes
 + Level 3.5 Armour
 + Level 0.1 Dodging
 + Level 4.1 Shields


You had 3 spell levels left.
You didn't know any spells.

Dungeon Overview and Level Annotations

Branches:
Dungeon (3/15)

Altars:
Elyvilon
Makhleb

Annotations:
D:2 Sigmund
D:3 Grinder


Message History

Grinder is lightly wounded.
Grinder hits you but does no damage.
You slash Grinder!
Grinder is moderately wounded.
You block Grinder's attack. x2
You closely miss Grinder.
Grinder is moderately wounded.
Grinder hits you.
You writhe in agony.
* * * LOW HITPOINT WARNING * * *
You slash Grinder!
Grinder is heavily wounded.
Grinder barely misses you.
You hit Grinder.
Grinder is heavily wounded.
Grinder hits you.
* * * LOW HITPOINT WARNING * * *
You writhe in agony.
* * * LOW HITPOINT WARNING * * *
Grinder hits you.
You die...

##...## ##.## #.#
######## #.# ##... ..#
#.### ##.._. #.########
#.... ......##.#......#
##### #.[......#.#######
#@#.#.##.#.......#
......5.#.#.##.....###.#
...##.....#.####...###.#
...#####.####.....#.#
...# ##.......##.#.#
....# ####..<...#.##.#.#
...# #.........#......#
#.# #.......#.####...#
#........(........


You could see Grinder.

Vanquished Creatures
  Terence (D:3)
  An adder (D:2)
  2 worms
  A dart slug (D:3)
  3 leopard geckos
  3 giant cockroaches
  A goblin (D:1)
  4 hobgoblins
  3 jackals (D:1)
  6 kobolds
  3 bats (D:1)
  A frilled lizard (D:1)
  3 rats
32 creatures vanquished.

Notes
Turn   | Place    | Note
-------+----------+-------------------------------------------
     0 | D:1      | recordrepeat the Hill Orc Fighter began the quest for the Orb.
     0 | D:1      | Reached XP level 1. HP: 19/19 MP: 1/1
    90 | D:1      | Reached XP level 2. HP: 14/27 MP: 2/2
  1044 | D:2      | Reached XP level 3. HP: 31/33 MP: 3/3
  1060 | D:2      | Noticed Sigmund
  1637 | D:3      | Noticed Terence
  1650 | D:3      | Killed Terence
  1650 | D:3      | Reached XP level 4. HP: 35/40 MP: 4/4
  1739 | D:3      | Found a white marble altar of Elyvilon.
  1829 | D:3      | Found a burning altar of Makhleb.
  1830 | D:3      | Noticed Grinder
  1850 | D:3      | Slain by Grinder

Vault maps used:
D:1:      grunt_arrival_crossed_arrows, corexii_hall_statues_x
D:2:      nicolae_overflow_crystal_walls, first_bread, uniq_sigmund
D:3:      bloody_makhleb, old_standard_altar, uniq_terence, uniq_grinder

Skill      XL: |  1  2  3 |
---------------+----------+-----
Axes           | 3 4 |  4.2
Fighting       | 4 |  4.1
Shields        | 4 |  4.1
Armour         | |  3.5
Dodging        | |  0.1

Action                   |  1- 3 |  4- 6 || total
-------------------------+-------+-------++-------
Melee: War axe           |   202 |    29 ||   231
  Use: Scroll            |     6 |     3 ||     9
  Eat: Chunk             |     3 |       ||     3
Armor: Scale mail        |    28 |       ||    28
       Chain mail        |    88 |    10 ||    98
Dodge: Dodged            |    48 |     2 ||    50
Block: Shield            |   143 |    14 ||   157
